Map: Cinder Fortress

Players

A.I. 1 (Very Hard) - Winner!

  • Race: Zerg Zerg
  • Spawn Location: 9:00

larsgj

  • Race: Terran Terran
  • Spawn Location: 3:00

VOD

Have the link to the VOD?

Description

Time

  • Played on: April 21, 2019, 7:25 a.m.
  • Length: 21:09
Show
View Real Time Build Order
Export as new Build Order

A.I. 1 (Very Hard) Zerg - Winner!

Build Orders: Pool First 

Get SALT Encoding   

  12  0:00  Drone  
  13  0:12  Overlord  
  13  0:17  Drone  
  14  0:30  Drone x2  
  14  0:34  Drone  
  17  0:48  Drone, Spawning Pool  
  17  1:12  Hatchery  
  17  1:14  Drone  
  17  1:17  Extractor  
  16  1:19  Drone  
  16  1:23  Extractor  
  16  1:25  Drone  
  17  1:29  Drone  
  18  1:38  Drone  
  19  1:48  Overlord  
  19  1:55  Queen  
  19  2:00  Zergling x2  
  22  2:10  Drone  
  23  2:24  Queen, Drone  
  26  2:32  Drone  
  27  2:39  Drone  
  27  2:43  Drone  
  29  2:57  Roach Warren  
  28  2:58  Drone  
  28  3:02  Drone  
  28  3:05  Zergling x2  
  31  3:08  Zergling x2  
  32  3:14  Overlord  
  32  3:18  Drone  
  33  3:21  Drone  
  34  3:37  Roach x2  
  34  3:39  Roach  
  34  3:40  Roach  
  42  3:45  Lair  
  42  3:50  Overlord  
  42  3:54  Overlord  
  42  3:58  Zergling x2  
  42  4:01  Zergling x2  
  44  4:08  Drone x2, Zergling x2  
  47  4:11  Drone  
  47  4:12  Drone  
  47  4:15  Drone  
  50  4:19  Roach  
  50  4:22  Roach  
  54  4:27  Overlord  
  54  4:35  Drone  
  54  4:36  Drone  
  57  4:38  Drone  
  57  4:40  Drone  
  57  4:44  Drone, Infestation Pit  
  58  4:46  Overlord  
  58  4:50  Overlord  
  58  4:54  Roach  
  58  4:57  Roach  
  62  5:07  Hydralisk Den  
  62  5:10  Drone  
  62  5:11  Drone  
  64  5:14  Drone  
  64  5:16  Drone  
  64  5:17  Drone  
  64  5:19  Drone  
  64  5:21  Drone, Infestor  
  68  5:23  Drone  
  68  5:26  Drone x2  
  73  5:30  Overlord  
  73  5:31  Drone  
  73  5:33  Drone  
  75  5:37  Hydralisk, Drone  
  75  5:38  Roach  
  75  5:40  Hydralisk  
  82  5:43  Roach  
  84  5:50  Baneling Nest  
  84  5:51  Overlord  
  84  5:52  Drone  
  84  5:54  Infestor  
  84  5:56  Ravager x2  
  88  5:58  Roach  
  88  6:01  Roach  
  92  6:08  Hydralisk  
  92  6:09  Hydralisk, Overlord, Extractor  
  92  6:10  Drone  
  96  6:20  Extractor  
  96  6:23  Infestor  
  97  6:28  Overlord  
  97  6:31  Drone  
  98  6:33  Baneling  
  98  6:34  Baneling x2  
  98  6:37  Baneling  
  98  6:38  Drone, Evolution Chamber  
  98  6:40  Baneling  
  98  6:41  Evolution Chamber  
  98  6:42  Drone x4  
  98  6:43  Baneling  
  101  6:51  Drone, Spine Crawler  
  101  6:56  Drone, Spine Crawler  
  101  6:58  Infestor  
  101  6:59  Overlord  
  105  7:01  Roach  
  105  7:03  Roach  
  105  7:06  Roach  
  109  7:20  Zerg Missile Weapons Level 1  
  109  7:26  Baneling x2  
  109  7:27  Overlord, Baneling, Zergling x2  
  110  7:30  Overseer  
  110  7:32  Baneling x2, Zergling x2  
  110  7:34  Drone, Spore Crawler, Baneling  
  111  7:39  Drone x2, Spore Crawler, Hatchery  
  111  7:42  Spore Crawler  
  111  7:43  Drone  
  111  7:45  Baneling x2, Zergling x2  
  111  7:50  Baneling, Zergling x2  
  113  7:54  Centrifugal Hooks  
  113  8:09  Zerg Ground Armor Level 1  
  113  8:13  Hydralisk  
  113  8:17  Hydralisk  
  113  8:18  Overlord  
  117  8:34  Lurker Den  
  117  8:36  Spine Crawler  
  115  8:51  Roach, Queen, Drone x2  
  115  8:52  Drone x3  
  115  8:53  Roach, Drone x4, Overlord  
  115  8:54  Drone x3  
  115  8:55  Drone x4  
  136  9:00  Drone  
  136  9:01  Drone  
  139  9:03  Extractor  
  139  9:05  Drone  
  139  9:11  Overlord  
  139  9:15  Zergling x2  
  134  9:18  Zergling x2  
  134  9:19  Ravager  
  134  9:22  Extractor  
  134  9:23  Drone  
  126  9:24  Drone  
  126  9:25  Drone x2  
  126  9:27  Hive  
  127  9:31  Zergling x2  
  127  9:36  Roach  
  124  9:38  Baneling  
  124  9:39  Baneling  
  124  9:40  Roach  
  124  9:42  Roach  
  124  9:43  Roach  
  124  9:45  Roach, Drone x2  
  120  9:48  Roach  
  120  9:49  Baneling x2  
  120  9:52  Zergling x2  
  114  9:53  Roach x3  
  114  9:54  Hydralisk  
  114  9:55  Hydralisk  
  115  10:08  Infestor  
  115  10:10  Baneling x2, Zergling x2  
  115  10:11  Overseer  
  118  10:19  Spine Crawler  
  118  10:21  Ravager  
  118  10:22  Roach  
  118  10:27  Infestor  
  122  10:31  Zergling x2, Baneling  
  122  10:32  Baneling  
  122  10:33  Baneling, Zergling x2  
  124  10:36  Infestor  
  124  10:38  Hydralisk, Roach x2, Lurker  
  124  10:39  Roach  
  124  10:40  Hydralisk  
  124  10:41  Overlord  
  137  10:43  Hydralisk  
  139  10:50  Lurker  
  139  10:52  Hydralisk  
  139  10:56  Hatchery, Spine Crawler  
  140  10:58  Ravager  
  140  11:00  Roach, Overlord  
  140  11:02  Spine Crawler  
  140  11:04  Spine Crawler, Ravager  
  141  11:05  Spine Crawler  
  141  11:06  Roach  
  141  11:08  Baneling  
  141  11:09  Baneling, Zergling x2  
  141  11:11  Baneling  
  144  11:12  Baneling  
  144  11:13  Zergling x2  
  144  11:14  Roach, Zergling x2  
  144  11:15  Roach  
  144  11:18  Baneling  
  150  11:20  Overlord  
  150  11:30  Zergling x2, Baneling  
  150  11:31  Baneling, Viper  
  154  11:39  Queen  
  156  11:41  Spore Crawler  
  156  11:43  Spore Crawler  
  156  11:44  Viper  
  156  11:45  Spore Crawler  
  156  11:46  Spine Crawler  
  155  11:53  Zerg Missile Weapons Level 2  
  155  11:57  Zergling x2  
  155  11:59  Overlord, Zergling x2  
  157  12:03  Zergling x2, Metabolic Boost  
  157  12:07  Evolution Chamber, Zerg Melee Weapons Level 1  
  157  12:09  Drone x2  
  157  12:10  Drone x5  
  157  12:11  Drone x3  
  157  12:12  Drone x2, Overseer  
  157  12:14  Extractor  
  157  12:15  Extractor, Drone, Overseer  
  169  12:16  Drone  
  169  12:17  Drone x2, Overlord  
  169  12:22  Pneumatized Carapace  
  171  12:37  Spire  
  171  12:38  Drone  
  171  12:55  Spine Crawler  
  171  12:56  Drone  
  171  13:00  Zergling x2  
  171  13:01  Zergling x2  
  171  13:03  Zergling x2, Infestor  
  176  13:07  Hatchery  
  176  13:09  Drone  
  176  13:10  Infestor  
  178  13:17  Zergling x2  
  178  13:18  Zergling x2  
  181  13:20  Zergling x2, Zerg Ground Armor Level 2  
  181  13:31  Spine Crawler  
  181  13:32  Drone, Spore Crawler  
  181  13:33  Drone  
  181  13:34  Spine Crawler  
  181  13:35  Drone, Spore Crawler  
  181  13:37  Drone  
  181  13:38  Spine Crawler  
  181  13:39  Drone  
  181  13:48  Corruptor  
  181  13:49  Greater Spire, Corruptor  
  185  14:01  Spore Crawler, Viper  
  185  14:02  Drone  
  185  14:04  Zerg Melee Weapons Level 2  
  185  14:05  Viper  
  185  14:06  Overlord, Overseer x2  
  185  14:13  Zerg Missile Weapons Level 3  
  185  14:14  Overlord  
  185  14:17  Overlord  
  185  14:19  Spine Crawler  
  185  14:20  Spine Crawler  
  185  14:23  Spine Crawler  
  182  14:32  Extractor, Drone  
  182  14:33  Drone x3, Queen  
  182  14:34  Spore Crawler  
  182  14:35  Overlord, Drone  
  182  14:37  Hatchery, Spine Crawler, Drone  
  182  14:38  Extractor, Drone  
  187  14:40  Drone  
  187  14:42  Corruptor x2  
  187  14:43  Corruptor x2  
  187  14:45  Overseer  
  195  14:55  Overlord  
  195  14:59  Corruptor  
  195  15:00  Spore Crawler  
  195  15:01  Drone  
  195  15:03  Drone, Spore Crawler, Corruptor  
  195  15:06  Spire  
  195  15:07  Drone  
  195  15:09  Corruptor  
  195  15:10  Spore Crawler  
  195  15:11  Overlord, Overseer  
  195  15:12  Spore Crawler  
  195  15:13  Drone  
  196  15:15  Overlord  
  196  15:18  Overlord x3  
  196  15:36  Drone  
  196  15:39  Brood Lord  
  199  15:44  Brood Lord  
  199  15:49  Corruptor, Overseer  
  198  15:50  Corruptor  
  198  15:52  Corruptor  
  198  15:54  Overlord, Overseer  
  193  16:12  Corruptor x2  
  197  16:21  Extractor, Corruptor  
  197  16:23  Zerg Melee Weapons Level 3  
  198  16:28  Extractor, Drone  
  198  16:30  Drone, Spine Crawler  
  198  16:32  Overlord, Overseer  
  198  16:33  Spine Crawler  
  198  16:34  Spine Crawler, Overseer  
  198  16:35  Overlord  
  196  16:53  Drone x2  
  198  16:55  Zerg Ground Armor Level 3, Pathogen Glands  
  198  16:57  Overlord  
  198  16:59  Overseer  
  196  17:09  Overlord  
  196  17:11  Spore Crawler  
  196  17:12  Overlord  
  196  17:14  Spore Crawler  
  196  17:15  Overlord  
  194  17:16  Spore Crawler  
  183  17:30  Drone, Corruptor  
  183  17:31  Hydralisk, Drone, Spine Crawler, Corruptor  
  183  17:32  Hydralisk, Drone x2  
  183  17:33  Drone, Corruptor, Overlord  
  183  17:34  Drone, Spore Crawler, Corruptor x3  
  183  17:36  Corruptor, Brood Lord  
  194  17:37  Hydralisk  
  194  17:38  Infestor  
  194  17:40  Infestor  
  194  17:42  Zergling x2  
  194  17:43  Zergling x2  
  183  17:45  Infestor  
  183  17:48  Zergling x2  
  183  17:49  Zergling x2  
  183  17:50  Zergling x2  
  166  17:52  Infestor  
  166  17:55  Roach  
  166  17:57  Infestor  
  161  18:02  Spine Crawler  
  161  18:04  Drone, Spine Crawler  
  161  18:05  Drone  
  150  18:07  Roach  
  150  18:09  Infestor  
  150  18:12  Roach  
  152  18:14  Roach  
  152  18:17  Corruptor  
  152  18:19  Overlord  
  150  18:22  Hydralisk  
  150  18:24  Viper  
  155  18:27  Viper  
  154  18:34  Queen  
  156  18:44  Spore Crawler, Corruptor  
  156  18:45  Drone, Brood Lord x2  
  156  18:46  Spore Crawler  
  156  18:47  Overlord  
  161  18:48  Drone  
  161  18:49  Overseer  
  161  18:51  Overseer  
  162  18:56  Corruptor  
  162  19:01  Brood Lord  
  166  19:04  Corruptor  
  166  19:07  Overlord  
  168  19:11  Brood Lord  
  168  19:14  Corruptor  
  172  19:18  Brood Lord  
  174  19:30  Ultralisk Cavern  
  173  19:31  Overlord  
  173  19:33  Drone  
  173  19:35  Corruptor  
  176  19:39  Corruptor  
  176  19:42  Corruptor  
  176  19:45  Hydralisk  
  180  19:47  Hydralisk  
  180  19:50  Hydralisk  
  180  19:52  Hydralisk  
  186  19:55  Hydralisk  
  186  19:57  Hydralisk  
  192  20:14  Spore Crawler  
  192  20:16  Drone  
  192  20:20  Ultralisk  
  198  20:40  Hatchery  
  198  20:42  Drone  
  198  20:52  Spine Crawler  
  198  20:53  Drone  
  198  20:54  Spore Crawler  
  198  20:56  Drone  
Show
View Real Time Build Order
Export as new Build Order

larsgj Terran 

Build Orders:  

Get SALT Encoding   

  12  0:01  SCV  
  13  0:14  Supply Depot  
  13  0:18  SCV  
  14  0:30  SCV  
  15  0:42  SCV  
  16  0:44  Barracks  
  16  0:54  SCV  
  16  0:55  Supply Depot  
  17  1:06  SCV  
  18  1:15  Supply Depot  
  18  1:18  SCV  
  19  1:31  SCV  
  19  1:32  Barracks, Marine  
  21  1:43  SCV  
  22  1:50  Marine  
  23  1:55  SCV  
  24  2:04  Supply Depot  
  24  2:07  SCV, Marine  
  26  2:19  SCV  
  27  2:25  Marine, Refinery  
  28  2:30  Refinery  
  28  2:31  SCV  
  28  2:32  Marine  
  30  2:41  Bunker  
  30  2:43  Marine, SCV  
  32  2:49  Marine  
  33  3:01  Marine  
  34  3:07  Marine  
  35  3:13  Bunker  
  35  3:19  Marine  
  36  3:25  Marine  
  37  3:34  Engineering Bay  
  37  3:36  Marine  
  38  3:43  Marine, Bunker  
  39  3:48  Factory  
  39  3:54  Marine  
  40  4:01  Marine  
  41  4:12  Marine  
  42  4:19  Marine  
  44  4:36  Terran Infantry Weapons Level 1, Marine  
  45  4:43  Barracks Tech Lab  
  44  4:54  Marine, Starport  
  45  5:02  Marine  
  45  5:04  Combat Shield  
  46  5:12  Marine  
  47  5:20  Starport  
  47  5:25  Supply Depot  
  47  5:47  Marine x2, Medivac  
  47  5:48  Supply Depot  
  51  5:52  Orbital Command  
  51  6:04  Marine x2  
  53  6:11  Command Center, Supply Depot  
  53  6:17  Medivac  
  55  6:22  Marine x2  
  57  6:28  Bunker  
  57  6:30  Neosteel Armor  
  57  6:40  Marine  
  58  6:59  Bunker  
  58  7:09  Fusion Core  
  58  7:19  Marauder  
  60  7:25  SCV  
  61  7:31  Bunker  
  61  7:37  SCV  
  61  7:40  Marauder  
  61  7:41  Refinery  
  64  7:45  Refinery  
  64  8:02  Marauder  
  64  8:04  Bunker  
  66  8:22  Terran Infantry Armor Level 1  
  66  8:23  Marauder  
  68  8:33  Missile Turret  
  68  8:44  Marauder  
  70  8:53  Missile Turret  
  70  9:02  Starport Tech Lab x2  
  70  9:06  Marauder  
  72  9:13  SCV  
  67  9:19  Marine  
  62  9:25  SCV  
  62  9:27  Marauder  
  56  9:37  SCV, Marine  
  48  9:48  Marine  
  48  9:49  SCV  
  49  9:55  Marine  
  50  10:01  SCV  
  50  10:03  Battlecruiser  
  50  10:06  Marine  
  58  10:13  SCV  
  59  10:23  Missile Turret  
  59  10:25  SCV  
  60  10:37  SCV  
  61  10:43  Bunker  
  62  10:50  SCV  
  62  10:52  Marine, Marauder  
  65  11:02  SCV  
  67  11:04  SCV  
  67  11:14  SCV  
  67  11:16  SCV, Bunker  
  69  11:28  SCV  
  69  11:31  SCV  
  71  11:40  SCV  
  71  11:43  SCV  
  73  11:51  Marauder  
  75  11:55  SCV  
  76  12:07  SCV  
  77  12:11  Bunker  
  77  12:13  Marauder  
  79  12:19  SCV  
  80  12:23  Battlecruiser  
  86  12:34  Battlecruiser  
  92  12:38  Orbital Command  
  92  12:59  Armory  
  92  13:01  Marine x2  
  94  13:18  Marine  
  97  13:20  Marauder  
  97  13:28  Battlecruiser  
  97  13:30  Missile Turret  
  103  13:36  Marine  
  106  13:41  Marauder  
  106  13:52  Missile Turret  
  106  13:54  Battlecruiser, Marine  
  113  14:02  Marauder  
  115  14:14  Missile Turret  
  115  14:27  Starport  
  115  14:40  Missile Turret  
  115  14:41  Battlecruiser  
  121  14:46  Supply Depot  
  121  14:58  Battlecruiser  
  127  15:09  Supply Depot  
  127  15:31  Supply Depot  
  127  15:33  Starport Tech Lab  
  127  15:37  Rapid Reignition System  
  127  15:44  Terran Vehicle And Ship Armor Level 1  
  127  15:54  Supply Depot  
  127  16:16  Supply Depot  
  127  16:20  Battlecruiser  
  139  16:40  Supply Depot  
  139  16:41  Battlecruiser  
  139  16:42  Command Center  
  139  17:02  Supply Depot  
  133  17:24  Supply Depot  
  121  17:38  Terran Ship Weapons Level 1  
  100  17:47  Battlecruiser  
  82  18:28  SCV  
  83  18:34  Refinery  
  83  18:41  SCV  
  84  18:53  SCV  
  85  19:05  SCV  
  85  19:07  Battlecruiser x2  
  98  19:10  Marine x2  
  100  19:17  SCV  
  101  19:30  SCV  
  102  19:42  Orbital Command, SCV  
  103  19:54  SCV  
  103  19:55  Refinery  
  104  20:06  SCV  
  105  20:08  Missile Turret  
  117  20:18  SCV  
  117  20:19  Missile Turret  
  118  20:28  Missile Turret  
  118  20:41  Missile Turret  
  118  20:49  Missile Turret  
  118  20:55  Supply Depot  
  118  21:02  Missile Turret  
Tags
 
Matchup
TvZ
Opening
Pool First
Replay Pack
Multiplayer
Spawn Locations
Cross Positions
Add a new tag
Caveats
  • Supply blocks, unpowered buildings, or Contaminate may cause inaccurate times.
  • Supply counts are checked every 10 seconds.